AoeStats
← AOKI_GworK

Arena

508070677Analyzed
4v4 RM · 11d ago on Sep 20, 2026· 38m 59s· 8 players
Game mode
Random Map
Map size
Large (8 player)
Population
200
Speed
Normal
Resources
Standard
Victory
Conquest
Starting age
Dark Age
Ending age
Imperial Age
RankedLock teamsTeams togetherTeam positionsShared explorationLock speedFull tech treeHidden civsTurbo modeCheats
Victory
Defeat
🇹🇷 Hindustanis · Türkiye
1876
+10
🇫🇷 Vikings · France
1828
+12
🇲🇽 Armenians · Mexico
1802
+13
🇺🇦 Ethiopians · Ukraine
1662
+18
🇫🇷 Aztecs · France
1781
-15
🇫🇷 Teutons · France
1778
-15
🇫🇷 Japanese · France
1729
-13
🇫🇷 Burmese · France
1655
-10
VL Mibel
8:27 Feudal Age
8:24 Loom
13:35 Double-Bit Axe
20:11 Castle Age
18:31 Fletching
25:16 Horse Collar
25:53 Bow Saw
30:02 Wheelbarrow
29:55 Gold Mining
29:56 Stone Mining
33:11 Imperial Age
31:34 Bodkin Arrow
31:55 Heavy Plow
32:18 Crossbowman
33:55 Bracer
33:21 Arbalester
34:27 Ballistics
34:06 Town Watch
34:41 Hand Cart
34:11 Town Watch
34:57 Conscription
35:21 Padded Archer Armor
37:53 Chemistry
36:25 Capped Ram
=)Svanhilde
10:39 Feudal Age
14:22 Castle Age
12:21 Double-Bit Axe
12:50 Horse Collar
15:13 Bow Saw
22:08 Imperial Age
22:32 Gold Mining
22:09 Capped Ram
23:05 Siege Ram
25:40 Heavy Plow
33:32 Gold Shaft Mining
32:50 Stone Mining
34:06 Loom
36:01 Two-Man Saw
35:31 Crop Rotation
38:12 Crop Rotation
39:19 Coinage
El Sobol
6:16 Loom
8:37 Feudal Age
9:10 Double-Bit Axe
14:46 Fletching
15:57 Horse Collar
18:06 Town Watch
23:42 Castle Age
24:25 Gold Mining
24:11 Crossbowman
24:47 Bodkin Arrow
30:55 Imperial Age
29:18 Fervor
29:33 Ballistics
31:13 Bow Saw
31:37 Bracer
32:41 Chemistry
34:41 Arbalester
35:26 Thumb Ring
35:51 Padded Archer Armor
Kukuro
11:02 Feudal Age
14:41 Castle Age
12:49 Double-Bit Axe
12:57 Horse Collar
18:35 Loom
20:15 Wheelbarrow
20:41 Bow Saw
23:23 Hand Cart
24:20 Heavy Plow
24:30 Stone Mining
24:32 Gold Mining
25:42 Stone Mining
25:43 Gold Mining
28:34 Imperial Age
26:15 Scale Barding Armor
26:20 Forging
27:52 Chain Barding Armor
28:20 Gold Shaft Mining
28:24 Stone Shaft Mining
28:31 Bloodlines
28:22 Husbandry
30:00 Plate Barding Armor
28:47 Heavy Camel Rider
30:42 Iron Casting
31:29 Two-Man Saw
31:39 Conscription
30:50 Imperial Camel Rider
31:46 Grand Trunk Road
33:10 Blast Furnace
33:08 Shatagni
34:18 Chemistry
34:56 Padded Archer Armor
35:09 Loom
36:19 Leather Archer Armor
37:37 Ring Archer Armor
37:57 Fletching
AOKI_Yo
11:25 Feudal Age
15:32 Castle Age
14:35 Horse Collar
18:52 Wheelbarrow
20:33 Loom
23:12 Hand Cart
23:05 Town Watch
26:57 Imperial Age
24:44 Padded Archer Armor
25:56 Bloodlines
25:46 Husbandry
29:19 Chemistry
28:47 Forging
28:30 Fletching
28:44 Gold Mining
33:17 Bodkin Arrow
39:00 Heavy Plow
AOKI_GworK
9:13 Loom
11:39 Feudal Age
12:29 Double-Bit Axe
13:13 Fletching
19:59 Castle Age
18:27 Horse Collar
19:00 Stone Mining
19:37 Gold Mining
21:11 Bow Saw
24:38 Town Watch
27:35 Heavy Plow
29:32 Wheelbarrow
AOKI_Gryphon
9:03 Loom
10:50 Feudal Age
16:58 Castle Age
15:34 Double-Bit Axe
15:31 Horse Collar
26:29 Bow Saw
27:32 Wheelbarrow
31:35 Imperial Age
29:25 Scale Mail Armor
29:35 Forging
29:04 Pikeman
30:06 Squires
30:22 Chain Mail Armor
33:09 Iron Casting
34:01 Fletching
34:42 Plate Mail Armor
35:16 Chemistry
34:54 Ballistics
34:25 Elite Skirmisher
35:02 Bodkin Arrow
35:49 Atlatl
36:12 Conscription
36:50 Bracer
36:50 Padded Archer Armor
38:02 Leather Archer Armor
AOKI_Totor
11:18 Feudal Age
14:59 Castle Age
12:59 Double-Bit Axe
13:25 Horse Collar
15:11 Scale Barding Armor
14:59 Gold Mining
18:03 Bloodlines
19:11 Loom
24:20 Wheelbarrow
23:34 Pikeman
29:58 Imperial Age
28:34 Scale Mail Armor
28:44 Forging
28:36 Squires
30:09 Halberdier
31:17 Chain Mail Armor
32:28 Chemistry
32:31 Iron Casting
33:41 Plate Mail Armor
35:58 Blast Furnace
34:59 Padded Archer Armor
35:25 Town Watch
37:24 Bow Saw
38:26 Stone Mining
Connection lost

Rejoining the realm…

Still unreachable

The connection could not be restored.

Session expired

The server has moved on; the page needs a fresh start.